 Dungeon Crawl Stone Soup version 0.19-a0-1735-g048f9dc (webtiles) character file.

110 Canardh the Sneak (level 4, -6/21 HPs)
             Began as a Spriggan Enchanter on Sept 30, 2016.
             Mangled by a hobgoblin
             ... wielding a +0 club
             ... led by Robin
              (9 damage)
             ... on level 4 of the Dungeon.
             The game lasted 00:13:37 (1734 turns).

Canardh the Sneak (Spriggan Enchanter)              Turns: 1734, Time: 00:13:37

Health: -6/21      AC:  3    Str:  4    XL:     4   Next: 61%
Magic:  1/9        EV: 19    Int: 16    God:
Gold:   39         SH:  0    Dex: 17    Spells: 2 memorised, 6 levels left

rFire  . . .     SeeInvis +     a - +1 dagger
rCold  . . .     Gourm    .     b - +1 robe
rNeg   . . .     Faith    .     (shield restricted)
rPois  .         Spirit   .     (helmet restricted)
rElec  .         Dismiss  .     (no cloak)
rCorr  .         Reflect  .     (gloves unavailable)
MR     .....     Harm     .     (boots unavailable)
Stlth  ++++......               (no amulet)
                                (no ring)
                                (no ring)

@: very slightly contaminated, very quick
A: unfitting armour, see invisible, herbivore 3, speed 3, slow metabolism 2
a: no special abilities


You were on level 4 of the Dungeon.
You were full.

You visited 1 branch of the dungeon, and saw 4 of its levels.

You collected 39 gold pieces.

Inventory:

Hand Weapons
 a - a +1 dagger (weapon)
 i - a -2 short sword
Armour
 b - a +1 robe (worn)
Wands
 o - a wand of enslavement (7/24)
Scrolls
 h - 2 scrolls of recharging
 l - a scroll of identify
 m - a scroll of fog {unknown}
 n - 2 scrolls of teleportation
Potions
 e - a potion of cancellation {unknown}
 f - 3 potions of curing
 g - a potion of heal wounds {unknown}
 k - 2 potions of invisibility {unknown}
 q - a potion of berserk rage {unknown}
Books
 c - a book of Maledictions

   Spells                             Type                      Level
   a - Corona                         Hexes                        1
   b - Ensorcelled Hibernation        Hexes/Ice                    2
   c - Confuse                        Hexes                        3
   d - Tukima's Dance                 Hexes                        3
   e - Dazzling Spray                 Conjuration/Hexes            3
Comestibles
 d - 2 bread rations
 j - 3 fruits


   Skills:
 + Level 0.2 Fighting
 + Level 2.0 Short Blades
 + Level 3.5 Dodging
 + Level 5.7 Stealth
 + Level 3.2 Spellcasting
 + Level 4.6 Hexes
 + Level 0.5 Ice Magic


You had 6 spell levels left.
You knew the following spells:

 Your Spells              Type           Power        Failure   Level  Hunger
a - Corona                Hex            ###....      3%          1    None
b - Ensorcelled Hibernat  Hex/Ice        ##....       12%         2    ##.....


Dungeon Overview and Level Annotations

Branches:
Dungeon (4/15)
 Temple: D:4-7

Altars:
Vehumet
Yredelemnul

Annotations:
D:1 1 runed door
D:3 Robin


Innate Abilities, Weirdness & Mutations

You are very small and have problems with some larger weapons.
You are too small for most types of armour.
You have supernaturally acute eyesight. (SInv)
You are a herbivore.
You cover ground extremely quickly.
You need consume almost no food.


Message History

You impale the ball python!!
You kill the ball python!
The goblin misses you. The goblin barely misses you.
The hobgoblin hits you with a club!
* * * LOW HITPOINT WARNING * * *
The goblin hits you with a dagger.
* * * LOW HITPOINT WARNING * * *
The goblin misses you. x2; The hobgoblin barely misses you.
The goblin misses you. The hobgoblin completely misses you.
You climb downwards.
There is a stone staircase leading up here.
Casting: Ensorcelled Hibernation
Confirm with . or Enter, or press ? or * to list all spells.
Aiming: Ensorcelled Hibernation
Press: ? - help, Shift-Dir - straight line, f - goblin
Aim: a goblin (unusually strong, chance to defeat MR: 59%)
You miscast Ensorcelled Hibernation.
Nothing appears to happen.
The goblin closely misses you. The goblin misses you.
The hobgoblin hits you with a club!
You die...

# . .#
..#
#####.
... ....
.. #..# #
#.#gg#.##
#.g@g...#
#.##g##.#
# #.# #..
####


You could see 2 hobgoblins and 3 goblins.

Vanquished Creatures
  Jessica (D:3)
  Terence (D:2)
  An adder (D:3)
  A worm (D:3)
  A dart slug (D:3)
  An orc (D:4)
  4 bats
  3 giant cockroaches (D:1)
  9 goblins
  3 hobgoblins
  6 jackals
  7 kobolds
  A ball python (D:3)
  3 frilled lizards
  5 rats
47 creatures vanquished.

Notes
Turn   | Place    | Note
-------+----------+-------------------------------------------
     0 | D:1      | Canardh the Spriggan Enchanter began the quest for the Orb.
     0 | D:1      | Reached XP level 1. HP: 9/9 MP: 5/5
     1 | D:1      | Found a runed door.
    99 | D:1      | Reached XP level 2. HP: 13/13 MP: 6/6
   103 | D:1      | Learned a level 2 spell: Ensorcelled Hibernation
   418 | D:1      | Reached skill level 5 in Stealth
   589 | D:2      | Noticed Terence
   752 | D:2      | Killed Terence
   752 | D:2      | Reached XP level 3. HP: 5/16 MP: 0/8
   970 | D:2      | Found a basalt altar of Yredelemnul.
  1376 | D:2      | Found a radiant altar of Vehumet.
  1451 | D:3      | Reached XP level 4. HP: 21/21 MP: 1/9
  1566 | D:3      | Noticed Jessica
  1573 | D:3      | Killed Jessica
  1609 | D:3      | Noticed Robin
  1734 | D:4      | Mangled by a hobgoblin

Vault maps used:
D:1:      dpeg_arrival_caged_fury
D:2:      lemuel_crystal_altar, lemuel_coloured_pillars_altar, uniq_terence
D:3:      portal_sewer_entry_b, uniq_robin, uniq_jessica
D:4:      gammafunk_temple_overflow_claw, uniq_eustachio, uniq_edmund,
          uniq_grinder

Skill      XL: |  1  2  3  4 |
---------------+-------------+-----
Hexes          | 4 |  4.6
Stealth        | 5 |  5.7
Spellcasting   | 3 |  3.2
Short Blades   | 2 |  2.0
Fighting       | |  0.2
Dodging        | |  3.5
Ice Magic      | |  0.5

Action                   |  1- 3 |  4- 6 || total
-------------------------+-------+-------++-------
Melee: Dagger            |    31 |     1 ||    32
       Short sword       |    45 |    64 ||   109
 Cast: Ensorcelled Hiber |    28 |     7 ||    35
       Corona            |       |     4 ||     4
  Use: Scroll            |     2 |     2 ||     4
 Stab: Sleeping          |    27 |     7 ||    34
       Distracted        |     1 |       ||     1
  Eat: Bread ration      |       |     1 ||     1
Armor: Robe              |     8 |     8 ||    16
Dodge: Dodged            |    80 |    71 ||   151
